Map: New Gettysburg LE

Players

Cham

  • Race: Zerg Zerg

MarineLorD - Winner!

  • Race: Terran Terran

Event: 2016 WCS Summer Circuit Championship (DH Montreal)

VOD

Have the link to the VOD?

Description

Time

  • Played on: Aug. 12, 2016, 2:30 p.m.
  • Length: 9:25

All games in this series

Show
View Real Time Build Order
Export as new Build Order

Cham Zerg 

Build Orders: Hatch First 

Get SALT Encoding   

  12  0:02  Drone  
  13  0:09  Drone  
  14  0:20  Overlord  
  14  0:38  Drone x3  
  17  0:52  Hatchery  
  17  0:56  Drone  
  17  1:02  Drone  
  18  1:10  Extractor  
  17  1:15  Spawning Pool  
  17  1:17  Drone  
  17  1:25  Drone  
  18  1:34  Drone  
  19  1:43  Overlord  
  19  1:53  Drone  
  20  2:02  Queen  
  20  2:04  Zergling x4  
  20  2:05  Queen  
  27  2:15  Zergling x2  
  27  2:17  Drone  
  28  2:27  Hatchery  
  27  2:31  Drone  
  27  2:36  Drone  
  29  2:41  Drone  
  29  2:43  Queen  
  32  2:47  Drone  
  32  2:50  Overlord  
  33  2:54  Drone  
  34  2:59  Drone x2  
  36  3:09  Overlord  
  36  3:10  Drone  
  37  3:14  Drone x2  
  37  3:15  Drone  
  37  3:16  Drone x2  
  37  3:19  Drone  
  43  3:24  Roach Warren  
  42  3:28  Overlord  
  42  3:30  Drone  
  42  3:33  Drone  
  44  3:34  Extractor  
  44  3:36  Drone  
  44  3:43  Overlord  
  44  3:44  Drone x2  
  46  3:48  Queen  
  46  3:54  Drone x2  
  46  3:55  Drone  
  51  3:56  Drone  
  51  3:57  Drone  
  51  3:58  Drone  
  54  4:04  Roach x2  
  54  4:06  Roach  
  60  4:10  Roach  
  60  4:13  Roach  
  64  4:19  Roach x3  
  64  4:22  Roach  
  64  4:23  Roach  
  74  4:31  Overlord  
  74  4:36  Overlord  
  74  4:41  Overlord  
  74  4:44  Overlord x2  
  73  4:47  Spore Crawler  
  73  4:50  Lair  
  73  4:51  Drone x3  
  75  4:54  Evolution Chamber, Drone  
  75  4:56  Drone  
  75  4:58  Drone  
  77  5:02  Overlord  
  77  5:04  Drone x2  
  77  5:06  Drone  
  77  5:07  Drone  
  81  5:09  Drone  
  81  5:12  Drone  
  81  5:13  Overlord  
  83  5:14  Drone  
  83  5:19  Drone  
  83  5:20  Extractor x2, Drone x2  
  86  5:21  Drone  
  86  5:26  Drone x2  
  83  5:39  Drone x2  
  83  5:42  Roach x4  
  91  5:44  Zerg Ground Armor Level 1  
  91  5:45  Roach  
  91  5:48  Roach  
  93  5:55  Roach x3  
  94  6:05  Queen  
  94  6:06  Queen  
  94  6:11  Zergling x6  
  99  6:13  Roach  
  99  6:14  Roach  
  99  6:15  Roach  
  105  6:18  Ravager  
  105  6:22  Drone x3  
  105  6:25  Glial Reconstitution  
  109  6:29  Drone x4  
  112  6:33  Drone  
  112  6:34  Queen  
  112  6:36  Drone  
  112  6:37  Drone x2  
  118  6:42  Drone  
  118  6:43  Extractor  
  118  6:45  Overlord, Infestation Pit  
  118  6:46  Extractor, Drone  
  117  6:50  Overlord  
  117  6:51  Drone  
  118  6:56  Drone, Metabolic Boost  
  118  6:58  Evolution Chamber  
  111  7:11  Drone x2  
  111  7:12  Roach  
  113  7:16  Roach x2  
  113  7:17  Roach x2  
  113  7:19  Overlord  
  113  7:20  Roach  
  123  7:23  Hatchery, Hive  
  122  7:30  Drone  
  122  7:33  Infestor, Zergling x2  
  122  7:34  Zergling x4  
  128  7:37  Infestor  
  128  7:38  Zergling x2  
  128  7:39  Queen  
  128  7:42  Roach  
  134  7:48  Roach x3  
  134  7:49  Zergling x2  
  134  7:50  Overlord  
  141  8:04  Overlord x2  
  141  8:05  Zergling x8  
  145  8:07  Zergling x2  
  140  8:18  Roach x2  
  140  8:19  Overlord  
  137  8:26  Roach x4  
  145  8:32  Overlord  
  145  8:38  Zergling x4  
  145  8:39  Zergling x10  
  145  8:40  Ultralisk Cavern  
  151  8:42  Drone  
  151  8:45  Drone  
  151  8:48  Drone  
  154  8:50  Ravager  
  154  8:51  Drone  
  154  8:54  Drone, Overlord  
  157  8:58  Roach  
  157  8:59  Roach  
  157  9:00  Drone  
  157  9:02  Roach x2  
  166  9:03  Roach x2  
  166  9:04  Extractor, Roach  
Show
View Real Time Build Order
Export as new Build Order

MarineLorD Terran - Winner!

Build Orders: Reaper Expand, MMM Bio 

Get SALT Encoding   

  12  0:00  SCV  
  13  0:12  SCV  
  14  0:19  Supply Depot  
  14  0:24  SCV  
  15  0:41  SCV  
  15  0:42  Barracks  
  16  0:45  Refinery  
  16  0:53  SCV  
  17  1:05  SCV  
  18  1:17  SCV  
  19  1:29  Orbital Command  
  19  1:30  Reaper  
  20  1:41  Command Center  
  20  1:53  Barracks  
  20  1:56  SCV  
  21  2:02  Barracks Reactor  
  21  2:06  Supply Depot  
  21  2:10  SCV  
  22  2:18  Refinery  
  22  2:22  SCV  
  23  2:32  Factory  
  23  2:34  SCV  
  24  2:39  Marine x2  
  26  2:45  Barracks Tech Lab  
  26  2:47  SCV  
  27  2:53  Orbital Command  
  27  2:57  Marine x2  
  29  2:59  SCV  
  30  3:08  Marine  
  30  3:09  Stimpack  
  30  3:11  SCV  
  32  3:15  Marine x2  
  34  3:20  SCV  
  34  3:23  SCV  
  34  3:26  Marine  
  37  3:30  Factory Reactor  
  37  3:31  Starport  
  37  3:34  SCV  
  38  3:35  SCV  
  38  3:37  Marine x2  
  41  3:44  Supply Depot, Marine  
  41  3:46  SCV  
  43  3:51  SCV  
  43  3:54  Supply Depot  
  43  3:55  Marine x2  
  46  4:06  SCV x2  
  46  4:08  Supply Depot  
  48  4:10  Marine  
  48  4:15  Medivac x2  
  53  4:17  Marine x2  
  53  4:18  SCV  
  53  4:20  SCV  
  53  4:21  Supply Depot  
  57  4:30  Marine, SCV  
  59  4:32  Widow Mine, SCV  
  59  4:35  Marine x2  
  64  4:42  SCV  
  64  4:44  Engineering Bay  
  65  4:46  Refinery  
  65  4:47  Engineering Bay  
  65  4:48  SCV  
  65  4:51  Marine  
  67  4:53  Marine x2  
  67  4:55  SCV  
  67  4:58  Medivac  
  72  5:00  SCV  
  73  5:08  SCV  
  73  5:09  Marine  
  73  5:11  Marine  
  73  5:12  SCV  
  77  5:16  Factory Tech Lab  
  77  5:17  Terran Infantry Armor Level 1, Terran Infantry Weapons Level 1  
  77  5:24  Marine  
  77  5:28  Command Center  
  78  5:31  Supply Depot  
  78  5:36  Marine, SCV  
  78  5:49  Supply Depot  
  78  5:50  Supply Depot  
  78  5:52  Marine x2, Siege Tank, SCV x2  
  78  5:53  Barracks  
  83  5:58  Marine  
  83  6:02  Combat Shields  
  84  6:10  Marine  
  84  6:11  SCV x2  
  85  6:15  Armory  
  84  6:19  Marine x2  
  86  6:27  Siege Tank, Refinery  
  86  6:28  Barracks, SCV  
  86  6:29  Barracks  
  87  6:34  SCV  
  87  6:35  Marine  
  87  6:37  Marine  
  90  6:40  Orbital Command  
  90  6:42  SCV  
  90  6:44  Barracks Reactor  
  90  6:47  SCV  
  92  6:54  Marine x2, SCV  
  92  6:55  Marine  
  92  6:59  Refinery, Siege Tank, SCV  
  100  7:06  SCV  
  100  7:07  SCV  
  99  7:11  SCV  
  99  7:12  Marine  
  99  7:13  Marine, Marauder  
  99  7:15  Terran Vehicle Weapons Level 1  
  102  7:18  SCV  
  102  7:19  SCV  
  102  7:21  Supply Depot  
  102  7:22  Barracks Tech Lab, Supply Depot  
  104  7:23  Barracks Tech Lab, SCV  
  104  7:26  Marine x2  
  104  7:29  Marine  
  107  7:30  SCV  
  107  7:31  SCV  
  107  7:32  Marine  
  107  7:34  Marauder  
  107  7:36  Siege Tank  
  116  7:44  Marine, Marauder x2  
  117  7:47  SCV  
  117  7:48  SCV  
  122  7:51  Concussive Shells  
  122  7:52  Refinery  
  122  7:53  Supply Depot  
  122  7:54  Marine x2  
  122  7:55  Supply Depot  
  122  7:56  Marauder  
  126  8:01  Marine  
  126  8:02  Marine  
  126  8:04  Supply Depot  
  126  8:05  Marauder  
  130  8:06  Marauder  
  130  8:11  Medivac  
  130  8:12  Marine  
  133  8:13  Marine  
  133  8:15  Medivac, Siege Tank  
  133  8:17  Marauder  
  138  8:25  Marine x2  
  138  8:26  Marauder, Barracks, Marine  
  142  8:27  Barracks  
  142  8:30  Barracks, Marine  
  144  8:37  Supply Depot  
  144  8:39  Marauder  
  146  8:41  Supply Depot  
  146  8:42  Supply Depot  
  146  8:43  Supply Depot  
  146  8:44  Supply Depot  
  146  8:45  Marauder  
  146  8:47  Siege Tank  
  154  8:56  Marine, Marauder  
  154  8:58  Marine x3  
  154  9:00  Marauder  
Tags
 
Add a new tag
Caveats
  • Supply blocks, unpowered buildings, or Contaminate may cause inaccurate times.
  • Supply counts are checked every 10 seconds.